 Dungeon Crawl Stone Soup version 0.18-a0-1171-ga8e22e7 (webtiles) character file.

1407 mrath the Cleaver (level 8, -10/67 HPs)
             Began as a Minotaur Fighter on Jan 26, 2016.
             Killed from afar by a crimson imp (22 damage)
             ... with a wand of draining
             ... on level 6 of the Dungeon.
             The game lasted 00:43:36 (5151 turns).

mrath the Cleaver (Minotaur Fighter)                Turns: 5151, Time: 00:43:37

Health: -10/67     AC: 10    Str: 22    XL:     8   Next: 42%
Magic:  7/7        EV:  5    Int:  5    God:
Gold:   279        SH:  8    Dex: 11    Spells: 0 memorised, 7 levels left

rFire  . . .     SeeInvis .     a - +0 war axe
rCold  . . .     Gourm    .     E - +0 chain mail
rNeg   . . .     Faith    .     c - +0 shield
rPois  .         Spirit   .     (helmet restricted)
rElec  .         Dismiss  .     (no cloak)
rCorr  .         Reflect  .     e - +0 pair of gloves
SustAt .         Harm     .     C - +0 pair of boots
MR     .....                    (no amulet)
Stlth  ..........               (no ring)
                                (no ring)

@: very heavily drained, not resistant to hostile enchantments, extremely
unstealthy
A: retaliatory headbutt, horns 2
a: no special abilities


You were on level 6 of the Dungeon.
You were not hungry.

You visited 1 branch of the dungeon, and saw 6 of its levels.
You also visited: Sewer.

You collected 279 gold pieces.

Inventory:

Hand Weapons
 a - a +0 war axe (weapon)
 i - a +0 battleaxe
 j - a +0 hunting sling
 u - a +0 blowgun
Missiles
 h - 167 stones (quivered)
 q - 9 steel sling bullets
 s - 6 needles of frenzy
 t - 9 curare-tipped needles
 y - 40 poisoned needles
Armour
 c - a +0 shield (worn)
 e - a +0 pair of gloves (worn)
 C - a +0 pair of boots (worn)
 E - a +0 chain mail (worn)
Scrolls
 b - a scroll of vulnerability {unknown}
 k - 2 scrolls of blinking {unknown}
 n - 3 scrolls of recharging {unknown}
 r - 7 scrolls of identify {unknown}
 x - 2 scrolls of remove curse {unknown}
 A - 3 scrolls of enchant weapon {unknown}
 D - a scroll of immolation {unknown}
 F - a scroll of enchant armour {unknown}
Potions
 d - a potion of might
 g - a potion of agility {unknown}
 l - 10 potions of curing
 o - 2 potions of cure mutation {unknown}
 p - 2 potions of brilliance {unknown}
 v - a potion of heal wounds
 w - 2 potions of lignification {unknown}
 z - 4 potions of poison {unknown}
 H - a potion of ambrosia {unknown}
Comestibles
 f - 5 bread rations
 m - a slice of pizza
 B - 4 chunks of flesh
 G - 3 fruits


   Skills:
 + Level 4.9(1.7) Fighting
 + Level 10.2(6.5) Axes
 + Level 0.4(0.0) Throwing
 + Level 5.2(1.9) Armour
 + Level 2.9(0.0) Dodging
 + Level 5.2(2.0) Shields


You had 7 spell levels left.
You didn't know any spells.

Dungeon Overview and Level Annotations

Branches:
Dungeon (6/15)
 Temple: D:4-7

Altars:
Ashenzari
Pakellas
Trog


Innate Abilities, Weirdness & Mutations

You reflexively headbutt those who attack you in melee.
You have a pair of horns on your head.


Message History

The crimson imp picks up a silver wand.
The crimson imp zaps a wand.
The bolt of negative energy hits you!
You feel drained.
It is a wand of draining.
The crimson imp zaps a wand.
The bolt of negative energy hits you!
You feel drained.
The crimson imp zaps a wand.
The bolt of negative energy hits you!
You feel drained.
You hit the crimson imp but do no damage.
Your headbutt misses the crimson imp.
The crimson imp zaps a wand.
The bolt of negative energy hits you!
You feel drained.
* * * LOW HITPOINT WARNING * * *
You closely miss the crimson imp. You block the crimson imp's attack.
You barely miss the crimson imp. You block the crimson imp's attack.
Drink which item? (? for menu, Esc to quit)
You feel much better.
The crimson imp zaps a wand.
The bolt of negative energy hits you!
You feel drained.
* * * LOW HITPOINT WARNING * * *
You closely miss the crimson imp.
The crimson imp zaps a wand.
The bolt of negative energy hits you!
You feel drained.
You die...

## ### ....# .#.# ..#
#5# ### #@####### ..
#........ .#
###.##.#### )#
#.......... )#
#.#.##.#### .# ###
#.#.##.# .#
##.#######.#.##.#
.####..........#.##.#
.......#########.##.#


You could see a crimson imp.

Vanquished Creatures
  A kobold demonologist (Sewer)
  Grinder (Sewer)
  A sky beast (D:5)
  2 ogres
  A centaur (D:5)
  A big kobold (Sewer)
  A giant frog (D:4)
  A scorpion (D:4)
  A giant frog skeleton (D:5)
  2 orc wizards
  2 worker ants (D:4)
  3 big kobold zombies (Sewer)
  A hound skeleton (D:4)
  5 adders
  4 shadow imps
  2 ufetubi (Sewer)
  3 oozes
  An adder zombie (Sewer)
  An adder skeleton (D:5)
  A worm (D:4)
  2 giant geckos
  8 orcs
  2 ball pythons
  6 bats
  A bat zombie (Sewer)
  8 giant cockroaches
  8 goblins
  10 hobgoblins
  18 jackals
  6 quokkas
  A giant cockroach zombie (Sewer)
  4 giant newts
  27 kobolds
  2 kobold zombies (Sewer)
  9 rats
147 creatures vanquished.

Notes
Turn   | Place    | Note
--------------------------------------------------------------
     0 | D:1      | mrath the Minotaur Fighter began the quest for the Orb.
     0 | D:1      | Reached XP level 1. HP: 19/19 MP: 0/0
   194 | D:1      | Reached XP level 2. HP: 26/26 MP: 1/1
   593 | D:2      | Reached skill level 4 in Axes
   593 | D:2      | Reached XP level 3. HP: 31/31 MP: 2/2
   994 | D:2      | Found a bloodstained altar of Trog.
   998 | D:2      | Reached skill level 5 in Axes
  1464 | D:3      | Reached XP level 4. HP: 36/39 MP: 3/3
  2187 | D:4      | Found a glowing drain.
  2195 | D:4      | Reached skill level 6 in Axes
  2207 | Sewer    | Entered a sewer
  2290 | Sewer    | Reached XP level 5. HP: 25/45 MP: 4/4
  2481 | Sewer    | Reached skill level 7 in Axes
  2549 | Sewer    | Found a burning altar of Makhleb.
  2762 | Sewer    | Reached XP level 6. HP: 51/51 MP: 5/5
  2792 | Sewer    | Noticed an apprentice kobold demonologist
  2813 | Sewer    | Killed an apprentice kobold demonologist
  2813 | Sewer    | Reached skill level 9 in Axes
  2813 | Sewer    | Reached XP level 7. HP: 57/57 MP: 6/6
  2935 | Sewer    | Noticed Grinder
  2950 | Sewer    | Paralysed by Grinder for 4 turns
  2956 | Sewer    | Killed Grinder
  2956 | Sewer    | Reached skill level 1 in Dodging
  3109 | D:4      | Found a shattered altar of Ashenzari.
  3156 | D:4      | Found an oddly glowing altar of Pakellas.
  3883 | D:4      | Reached XP level 8. HP: 66/66 MP: 7/7
  4112 | D:5      | Entered Level 5 of the Dungeon
  4228 | D:5      | Reached skill level 10 in Axes
  4228 | D:5      | Reached skill level 5 in Armour
  4652 | D:5      | Reached skill level 5 in Shields
  5151 | D:6      | Killed from afar by a crimson imp

Vault maps used:
D:1:      dpeg_arrival_three_same_balls
D:2:      first_bread, st_stairs_10, trog_butcher_becter
D:3:      minmay_cut_off
D:4:      cheibrodos_ashenzari_chains, grunt_pakellas_basics,
          portal_sewer_entry_d
D:6:      uniq_crazy_yiuf_cottage, uniq_blork_the_orc, uniq_sigmund
Sewer:    kennysheep_sewer_church

Action                   |  1- 3 |  4- 6 |  7- 9 || total
-------------------------+-------+-------+-------++-------
Melee: War axe           |    94 |   123 |    90 ||   307
 Fire: Blowgun           |       |     3 |    34 ||    37
Throw: Stone             |     8 |       |     1 ||     9
  Use: Scroll            |       |     4 |       ||     4
       Potion            |       |     1 |     2 ||     3
  Eat: Chunk             |     1 |     4 |     7 ||    12
       Beef jerky        |       |     1 |       ||     1
